 Dungeon Crawl Stone Soup version 0.21.0-24-g2553a3340b (webtiles) character file.

26240 Pixllover the Severer (level 12, -8/166 HPs)
             Began as a Minotaur Berserker on Jan 20, 2018.
             Was the Champion of Trog.
             Killed by divine providence
             ... invoked by an orc priest
              (13 damage)
             ... on level 2 of the Orcish Mines.
             The game lasted 00:41:05 (11811 turns).

Pixllover the Severer (Minotaur Berserker)         Turns: 11811, Time: 00:41:05

Health: -8/166     AC: 21    Str: 30    XL:     12   Next: 96%
Magic:  11/11      EV: 17    Int:  7    God:    Trog [******]
Gold:   1128       SH:  0    Dex: 16    Spells: 11/11 levels left

rFire    + + .     SeeInvis +   q - +10 battleaxe of Deformation {chop, Int+3}
rCold    . . .     Gourm    .   (shield currently unavailable)
rNeg     . . .     Faith    .   a - +3 fire dragon scales
rPois    +         Spirit   .   C - +2 hat {MR+}
rElec    .         Reflect  .   N - +0 cloak of the Okapi {rC+ rCorr Dex+4 Slay+3}
rCorr    +         Harm     .   s - +0 pair of gloves
MR       +....     Rnd*Rage +   r - +0 pair of boots
Stlth    ..........             (no amulet)
HPRegen  0.37/turn              y - ring of the Monkey's Uncle {rPois EV+2 Str-2 Slay+5 SInv}
MPRegen  0.12/turn              u - ring of see invisible

@: berserking, very quick
A: retaliatory headbutt, horns 2, thin skeletal structure 1, berserk 1, mutation
resistance 1, screaming 1
a: Berserk, Trog's Hand, Brothers in Arms, Burn Spellbooks, Renounce Religion


You were on level 2 of the Orcish Mines.
You worshipped Trog.
Trog was exalted by your worship.
You were hungry.

You visited 2 branches of the dungeon, and saw 15 of its levels.
You also visited: Bailey.

You collected 1128 gold pieces.

Inventory:

Hand Weapons
 q - the +10 battleaxe of Deformation (weapon) {chop, Int+3}
   (Trog gifted it to you on level 11 of the Dungeon)

   It inflicts extra damage upon your enemies.
   It affects your intelligence (+3).
 L - the +4 halberd "Zoepiaj" {flame, -Tele Str+7}
   (You found it on level 10 of the Dungeon)

   It has been specially enchanted to burn those struck by it, causing extra
   injury to most foes and up to half again as much damage against particularly
   susceptible opponents.
   Big, fiery blades are also staple armaments of hydra-hunters.
   It affects your strength (+7).
   It prevents most forms of teleportation.
Missiles
 i - 5 needles of confusion
 n - 8 curare-tipped needles
 p - 31 tomahawks (quivered)
 x - 6 poisoned tomahawks
 E - 5 steel javelins
 R - 2 exploding tomahawks
Armour
 a - +3 fire dragon scales (worn)
 r - a +0 pair of boots (worn)
 s - a +0 pair of gloves (worn)
 C - a +2 hat of magic resistance (worn)
 N - the +0 cloak of the Okapi (worn) {rC+ rCorr Dex+4 Slay+3}
   (You found it in a bailey)

   It affects your dexterity (+4).
   It affects your accuracy and damage with ranged weapons and melee attacks
   (+3).
   It protects you from cold.
   It protects you from acid and corrosion.
 O - +0 ice dragon scales
 U - a scarf of cloud immunity
Jewellery
 t - a cursed ring of teleportation {unknown}
 u - a ring of see invisible (right hand)
 y - the ring of the Monkey's Uncle (left hand) {rPois EV+2 Str-2 Slay+5 SInv}
   (You found it on level 5 of the Dungeon)

   [ring of evasion]

   It affects your evasion (+2).
   It affects your strength (-2).
   It affects your accuracy and damage with ranged weapons and melee attacks
   (+5).
   It protects you from poison.
   It lets you see invisible.
 F - a +2 ring of strength {unknown}
 G - an uncursed ring of poison resistance {unknown}
 K - a cursed -3 ring of intelligence {unknown}
 Q - an uncursed ring of fire {unknown}
Wands
 j - a wand of random effects (54)
 m - a wand of disintegration (15)
 J - a wand of iceblast (17)
 P - a wand of scattershot (5)
 S - a wand of acid (6)
Scrolls
 f - a scroll of fear
 g - 14 scrolls of teleportation
 l - 6 scrolls of remove curse
 w - 3 scrolls of magic mapping
 H - 7 scrolls of identify
 I - 4 scrolls of enchant armour
 M - a scroll of torment {unknown}
 T - a scroll of fog {unknown}
Potions
 b - a potion of cancellation {unknown}
 d - 9 potions of curing
 e - a potion of might
 h - a potion of agility
 k - 6 potions of haste
 o - 2 potions of invisibility
 v - a potion of flight
 z - 2 potions of ambrosia
 A - a potion of lignification
 B - 2 potions of heal wounds
 D - a potion of brilliance {unknown}
Comestibles
 c - 22 rations
 V - 2 chunks of flesh


   Skills:
 + Level 11.7 Fighting
 + Level 16.2(16.7) Axes
 + Level 7.3(13.1) Polearms
   Level 4.6(6.6) Staves
 + Level 2.4 Throwing
 + Level 11.3 Armour
 + Level 6.9 Dodging
 + Level 2.2 Stealth
   Level 3.7 Shields


You had 11 spell levels left.
You didn't know any spells.

Dungeon Overview and Level Annotations

Branches:
Dungeon (13/15)            Temple (0/1) D:4            Lair (0/6) D:11
    Orc (2/2) D:12         Vaults (0/5) D:13
    Elf: Orc:2

Altars:
Cheibriados
Dithmenos
Elyvilon
Fedhas
Gozag
Kikubaaqudgha
Nemelex Xobeh
Ru
Vehumet
Xom
Yredelemnul
The Shining One


Innate Abilities, Weirdness & Mutations

You reflexively headbutt those who attack you in melee.
You have a pair of horns on your head.
You have a somewhat thin skeletal structure. (Dex +2, Stealth)
You tend to lose your temper in combat.
You are somewhat resistant to further mutation.
You occasionally shout uncontrollably at your foes.


Message History

Trog accepts your kill.
Trog appreciates your killing of a magic user.
The orc priest casts a cantrip, but nothing happens.
The neqoxec gestures.
An orc wizard comes into view. It is wielding a dagger.
You shout at the orc wizard!
You slice the orc warrior!!
You kill the orc warrior!
Trog accepts your kill.
You hear a shout! x2
The orc priest begins to cast a cantrip, but forgets the words!
The orc high priest hits you from afar with a trident.
* * * LOW HITPOINT WARNING * * *
The orc curses repeatedly.
You hear a shout!
The warg misses you.
The orc wizard looks braver for a moment.
The orc priest invokes the aid of Beogh against you.
Beogh smites you!
You die...

... #...........
..oo#...........
#o5#...........
#.5o..........#.
#.o3o......$....
#.oo.o..........
#o4))........
#.))@h..........
#.)))...........
#..[))..$.......
#..........#..$##...#
##...............#....
##....$................
###......................
........................
.##..................#


You could see 2 orc high priests, an orange demon, a neqoxec, a warg, an orc
warrior, an iron imp, 4 orc priests, an orc wizard, 2 orcs and an ufetubus.

Vanquished Creatures
  Gastronok (D:8)
  An ettin (Orc:2)
  A hydra (D:11)
  5 two-headed ogres
  Erica (D:8)
  2 dancing weapons (D:13)
  An orc high priest (Orc:2)
  An unseen horror (D:12)
  3 orc knights
  An orc sorcerer (Orc:2)
  A cyclops (D:12)
  4 ugly things
  3 trolls
  4 hornets
  3 hippogriffs
  A shadow (D:11)
  11 yaks
  A wraith (D:13)
  4 vampire mosquitoes (D:12)
  2 hungry ghosts
  A steam dragon (D:8)
  2 wargs (Orc:2)
  A soldier ant (D:8)
  3 water moccasins (D:8)
  14 orc warriors
  3 ice beasts
  4 phantoms
  3 black bears
  4 sky beasts
  6 ogres
  2 eyes of draining
  A centaur (D:8)
  A crocodile (D:13)
  Blork the orc (D:6)
  A gnoll sergeant (D:9)
  9 bullfrogs
  8 killer bees
  A troll zombie (D:12)
  5 wights (D:11)
  7 howler monkeys
  10 crimson imps
  A bullfrog zombie (D:8)
  A centaur zombie (D:10)
  6 hounds
  A quasit (D:11)
  Crazy Yiuf (D:5)
  4 jellies
  17 orc wizards
  3 bullfrog skeletons
  3 centaur skeletons
  21 orc priests
  Jessica (D:2)
  An iguana (D:4)
  9 worker ants
  A killer bee zombie (D:5)
  5 ogre zombies (D:12)
  2 hound skeletons
  A howler monkey zombie (D:10)
  11 gnolls
  16 adders
  A shadow imp (D:11)
  2 white imps (D:10)
  An adder zombie (D:7)
  4 adder skeletons
  A worm (D:2)
  6 dart slugs
  7 leopard geckos
  71 orcs
  7 bats
  3 giant cockroaches
  3 goblins
  4 hobgoblins
  3 jackals (D:11)
  2 quokkas
  A ball python skeleton (D:4)
  4 frilled lizards
  2 goblin zombies (D:12)
  2 hobgoblin skeletons (D:12)
  3 hobgoblin zombies (D:12)
  7 kobolds
  2 orc skeletons (D:12)
  10 orc zombies (D:12)
  11 rats
400 creatures vanquished.

Notes
Turn   | Place    | Note
-------+----------+-------------------------------------------
     0 | D:1      | Pixllover the Minotaur Berserker began the quest for the Orb.
     0 | D:1      | Reached XP level 1. HP: 19/19 MP: 0/0
   119 | D:1      | Reached XP level 2. HP: 25/27 MP: 1/1
   223 | D:1      | Reached skill level 4 in Axes
   573 | D:1      | Reached ** piety under Trog
   820 | D:2      | Reached XP level 3. HP: 33/33 MP: 2/2
   857 | D:2      | Found a radiant altar of Vehumet.
   881 | D:2      | Noticed Jessica
   892 | D:2      | Killed Jessica
  1504 | D:2      | Reached XP level 4. HP: 41/41 MP: 3/3
  1867 | D:3      | Reached skill level 5 in Axes
  1902 | D:3      | Reached XP level 5. HP: 39/47 MP: 4/4
  2086 | D:3      | Reached skill level 5 in Fighting
  2302 | D:3      | Found a shadowy altar of Dithmenos.
  2908 | D:4      | Reached skill level 6 in Axes
  2959 | D:4      | Reached XP level 6. HP: 36/56 MP: 5/5
  3147 | D:4      | Found a glowing golden altar of the Shining One.
  3216 | D:4      | Found a staircase to the Ecumenical Temple.
  3568 | D:4      | Found an opulent altar of Gozag.
  3568 | D:4      | Found a basalt altar of Yredelemnul.
  3602 | D:4      | Reached *** piety under Trog
  3900 | D:5      | Entered Level 5 of the Dungeon
  3905 | D:5      | Got a fine bronze ring
  3906 | D:5      | Identified the ring of the Monkey's Uncle {rPois EV+2 Str-2 Slay+5 SInv} (You found it on level 5 of the Dungeon)
  3909 | D:5      | Noticed a sky beast
  3927 | D:5      | Killed a sky beast
  3929 | D:5      | Reached XP level 7. HP: 61/61 MP: 6/6
  3934 | D:5      | Reached skill level 7 in Axes
  3935 | D:5      | Noticed a hungry ghost
  3940 | D:5      | Killed a hungry ghost
  3968 | D:5      | Reached skill level 5 in Armour
  3968 | D:5      | Reached skill level 1 in Stealth
  3986 | D:5      | Found a shimmering altar of Xom.
  4067 | D:5      | Found a runed door.
  4071 | D:5      | Noticed Crazy Yiuf
  4073 | D:5      | Killed Crazy Yiuf
  4133 | D:5      | Found a white marble altar of Elyvilon.
  4145 | D:5      | Found a sparkling altar of Nemelex Xobeh.
  4170 | D:5      | Found an ancient bone altar of Kikubaaqudgha.
  4254 | D:5      | Found a shadowy altar of Dithmenos.
  4257 | D:5      | Reached XP level 8. HP: 68/70 MP: 7/7
  4264 | D:5      | Found a snail-covered altar of Cheibriados.
  4304 | D:5      | Reached skill level 1 in Staves
  4667 | D:6      | Noticed Blork the orc
  4670 | D:6      | Killed Blork the orc
  4670 | D:6      | Reached skill level 8 in Axes
  5572 | D:7      | Found a blossoming altar of Fedhas.
  5600 | D:7      | Reached **** piety under Trog
  5849 | D:7      | Found a sacrificial altar of Ru.
  5946 | D:8      | Reached XP level 9. HP: 77/78 MP: 8/8
  5968 | D:8      | Reached skill level 1 in Shields
  6190 | D:8      | Reached skill level 9 in Axes
  6198 | D:8      | Paralysed by a hornet for 3 turns
  6201 | D:8      | Reached skill level 5 in Dodging
  6205 | D:8      | Reached skill level 10 in Axes
  6205 | D:8      | Reached skill level 1 in Throwing
  6548 | D:8      | Noticed Gastronok
  6566 | D:8      | Killed Gastronok
  6566 | D:8      | Reached ***** piety under Trog
  6566 | D:8      | Reached skill level 11 in Axes
  6566 | D:8      | Reached XP level 10. HP: 48/88 MP: 9/9
  6756 | D:8      | Noticed Erica
  6768 | D:8      | Received a gift from Trog
  6771 | D:8      | Killed Erica
  6771 | D:8      | Reached skill level 12 in Axes
  7329 | D:9      | Noticed a two-headed ogre
  7335 | D:9      | Killed a two-headed ogre
  7370 | D:9      | Reached skill level 13 in Axes
  7584 | D:9      | Reached XP level 11. HP: 67/95 MP: 10/10
  7817 | D:10     | Entered Level 10 of the Dungeon
  7837 | D:10     | Noticed a two-headed ogre
  7844 | D:10     | Killed a two-headed ogre
  7844 | D:10     | Reached skill level 10 in Armour
  7933 | D:10     | Found a flagged portal.
  7942 | D:10     | Got a brightly glowing halberd
  7948 | D:10     | Identified the +4 halberd "Zoepiaj" {flame, -Tele Str+7} (You found it on level 10 of the Dungeon)
  7951 | Bailey   | Entered a bailey
  8046 | Bailey   | Noticed an orc knight
  8231 | Bailey   | Reached skill level 1 in Polearms
  8374 | Bailey   | Killed an orc knight
  8405 | Bailey   | Got a translucent long sword
  8409 | Bailey   | Got a jewelled cloak
  8423 | Bailey   | Identified the cursed +0 cloak of the Okapi {rC+ rCorr Dex+4 Slay+3} (You found it in a bailey)
  8440 | Bailey   | Noticed an orc knight
  8445 | Bailey   | Killed an orc knight
  8724 | D:10     | Gained mutation: You are weak. (Str -2) [potion of mutation]
  8724 | D:10     | Gained mutation: You tend to lose your temper in combat. [potion of mutation]
  8724 | D:10     | Gained mutation: You have a pair of large horns on your head. [potion of mutation]
  8724 | D:10     | Gained mutation: You have sharp toenails. [potion of mutation]
  8735 | D:10     | Identified the cursed +0 long sword "Lamoic" {venom, rC+ Str+3 Int+2} (You found it in a bailey)
  9245 | D:10     | Noticed a two-headed ogre
  9251 | D:10     | Killed a two-headed ogre
  9251 | D:10     | Reached skill level 5 in Polearms
  9346 | D:11     | Received a gift from Trog
  9347 | D:11     | Got a transparent battleaxe {god gift}
  9348 | D:11     | Identified the +10 battleaxe of Deformation {chop, Int+3} (Trog gifted it to you on level 11 of the Dungeon)
  9351 | D:11     | Noticed a two-headed ogre
  9359 | D:11     | Killed a two-headed ogre
  9379 | D:11     | Found a staircase to the Lair.
  9461 | D:11     | Reached skill level 10 in Fighting
  9695 | D:11     | Noticed an eight-headed hydra
  9699 | D:11     | Killed an 11-headed hydra
  9832 | D:12     | Noticed a red ugly thing
  9837 | D:12     | Killed a red ugly thing
  9862 | D:12     | Reached skill level 14 in Axes
  9864 | D:12     | Reached XP level 12. HP: 106/107 MP: 11/11
  9925 | D:12     | Found a staircase to the Orcish Mines.
 10223 | D:12     | Found an opulent altar of Gozag.
 10439 | D:12     | Reached ****** piety under Trog
 10610 | D:12     | Noticed a two-headed ogre
 10617 | D:12     | Killed a two-headed ogre
 10833 | D:13     | Found a gate to the Vaults.
 10837 | D:13     | Reached skill level 15 in Axes
 10998 | D:13     | Lost mutation: You have a pair of large horns on your head. [potion of mutation]
 10998 | D:13     | Lost mutation: You are weak. (Str -2) [potion of mutation]
 10998 | D:13     | Lost mutation: You have sharp toenails. [potion of mutation]
 10998 | D:13     | Gained mutation: You have a somewhat thin skeletal structure. (Dex +2, Stealth) [potion of mutation]
 10998 | D:13     | Gained mutation: You occasionally shout uncontrollably at your foes. [potion of mutation]
 10998 | D:13     | Gained mutation: You are somewhat resistant to further mutation. [potion of mutation]
 11561 | Orc:1    | Entered Level 1 of the Orcish Mines
 11614 | Orc:2    | Entered Level 2 of the Orcish Mines
 11614 | Orc:2    | Noticed an ettin
 11617 | Orc:2    | Killed an ettin
 11793 | Orc:2    | Noticed an orc high priest
 11798 | Orc:2    | Received a gift from Trog
 11800 | Orc:2    | Noticed an orc high priest
 11801 | Orc:2    | Noticed an orc high priest
 11804 | Orc:2    | Reached skill level 16 in Axes
 11808 | Orc:2    | HP: 8/165 [orc warrior/halberd (3)]
 11809 | Orc:2    | Killed an orc high priest
 11811 | Orc:2    | Killed from afar by an orc priest

Skill      XL: |  1  2  3  4  5  6  7  8  9 10 11 12 |
---------------+-------------------------------------+-----
Fighting       | 4 5 6 7 8 10 11 | 11.7
Axes           | 4 5 6 7 8 11 13 14 16 | 16.2
Dodging        | 3 4 5 6 |  6.9
Armour         | 3 4 5 7 8 9 10 11 | 11.3
Stealth        | 1 2 |  2.2
Staves         | 4 |  4.6
Shields        | 1 2 3 |  3.7
Throwing       | 1 2 |  2.4
Polearms       | 7 |  7.3

Action                   |  1- 3 |  4- 6 |  7- 9 | 10-12 || total
-------------------------+-------+-------+-------+-------++-------
Melee: Hand axe          |    69 |    28 |       |       ||    97
       Headbutt          |     7 |    15 |    33 |    53 ||   108
       War axe           |       |    70 |   110 |    81 ||   261
       Quarterstaff      |       |       |    51 |       ||    51
       Halberd           |       |       |       |    99 ||    99
       Battleaxe         |       |       |       |   179 ||   179
       Kick              |       |       |       |    11 ||    11
Throw: Tomahawk          |       |       |     5 |    12 ||    17
Invok: Berserk           |       |     1 |       |     4 ||     5
       Burn Spellbooks   |       |       |     1 |     2 ||     3
Evoke: Wand              |       |       |       |     1 ||     1
  Use: Scroll            |     3 |       |    12 |     4 ||    19
       Potion            |       |       |       |    13 ||    13
 Stab: Sleeping          |     1 |       |       |       ||     1
  Eat: Chunk             |     2 |     8 |     2 |    11 ||    23
       Ration            |       |       |     3 |     2 ||     5
Armor: Animal skin       |    12 |     3 |       |       ||    15
       Chain mail        |       |    47 |    31 |       ||    78
       Fire dragon scale |       |       |    41 |   154 ||   195
Dodge: Dodged            |    37 |    47 |    99 |   220 ||   403
Block: Buckler           |       |     2 |    14 |    24 ||    40
